AoeStats
← juju

Four Lakes

509354230Analyzed
1v1 RM · 7d ago on Sep 26, 2026· 27m 44s· 2 players
Game mode
Random Map
Map size
Tiny (2 player)
Population
200
Speed
Normal
Resources
Standard
Victory
Conquest
Starting age
Dark Age
Ending age
Imperial Age
RankedLock teamsTeams togetherTeam positionsShared explorationLock speedFull tech treeHidden civsTurbo modeCheats
Victory
Defeat
🇺🇸 Danes · United States
707
+14
🇮🇩 Dravidians · Indonesia
666
-31
juju
23:05 Feudal Age
Kenshin Brown
13:05 Feudal Age
13:17 Man-at-Arms
13:43 Arson
14:27 Double-Bit Axe
19:27 Castle Age
19:50 Forging
19:45 Scale Barding Armor
23:08 Iron Casting
Connection lost

Rejoining the realm…

Still unreachable

The connection could not be restored.

Session expired

The server has moved on; the page needs a fresh start.